 Dungeon Crawl Stone Soup version 0.27.1-2-g3b301248ec (webtiles) character file.

Game seed: 11208297392317823557

98670 fortune76 the Swashbuckler (level 15, 0/153 HPs)
             Began as a Troll Berserker on Oct 2, 2021.
             Was a High Priest of Trog.
             Slain by a redback (1 damage)
             ... on level 3 of the Spider Nest.
             The game lasted 01:12:56 (18571 turns).

fortune76 the Swashbuckler (Troll Berserker)       Turns: 18571, Time: 01:12:57

Health: 0/153      AC:  9    Str: 32    XL:     15   Next: 75%
Magic:  14/14      EV: 10    Int:  7    God:    Trog [*****.]
Gold:   1505       SH:  0    Dex:  5    Spells: 14/14 levels left

rFire    + . .     SeeInvis .   D - +7 pair of quick blades "Gyre" and "Gimble" {protect}
rCold    x . .     Faith    .   (shield currently unavailable)
rNeg     . . .     Spirit   .   Y - +1 robe of the Eagle {rPois rCorr Int-5 Archmagi}
rPois    +         Reflect  .   Q - +2 hat
rElec    .         Harm     .   A - +1 cloak
rCorr    +         Rampage  .   (gloves unavailable)
Will     +++..     Archmagi +   (boots unavailable)
Stlth    ++........             (no amulet)
HPRegen  2.35/turn              z - ring of Jideipina {Fire Fly Int+8 Dex-5 Stlth+}
MPRegen  0.14/turn              U - +4 ring of slaying

@: strong-willed, flying, regenerating, studying Fighting
A: large, unfitting armour, claws 3, regeneration 1, shaggy fur 1, tough skin 1
a: Renounce Religion, Berserk, Trog's Hand, Brothers in Arms


You were on level 3 of the Spider Nest.
You worshipped Trog.
Trog was extremely pleased with you.
You visited 3 branches of the dungeon, and saw 19 of its levels.
You also visited: Bailey.

You collected 1525 gold pieces.
You spent 20 gold pieces at shops.

Inventory:

Hand Weapons
 D - the +7 pair of quick blades "Gyre" and "Gimble" (weapon) {protect}
   (You found it on level 7 of the Dungeon)

   It grants its wielder temporary protection when it strikes (+7 to AC).
 E - the +10 mace "Kinet" {antimagic, rElec rF+++ Str+4}
   (You found it on level 7 of the Dungeon)

   It reduces the magical energy of the wielder, and disrupts the spells and
   magical abilities of those it strikes.
   Natural abilities and divine invocations are not affected.
   Str:       It affects your strength (+4).
   rF:        It renders you almost immune to fire.
   rElec:     It insulates you from electricity.
 P - the +11 glaive of Xecvu {vorpal, rF+}
   (Trog gifted it to you on level 3 of the Lair of Beasts)

   It inflicts extra damage upon your enemies.
   rF:        It protects you from fire.
 W - a +5 antimagic spear
Missiles
 K - 6 boomerangs of dispersal (quivered)
Armour
 A - a +1 cloak (worn)
 Q - a +2 hat (worn)
 S - a +2 robe of willpower
 Y - the +1 robe of the Eagle (worn) {rPois rCorr Int-5 Archmagi}
   (You found it on level 6 of the Lair of Beasts)

   Int:       It affects your intelligence (-5).
   rPois:     It protects you from poison.
   rCorr:     It protects you from acid and corrosion.
   Archmagi:  It increases the power of your magical spells.
Jewellery
 a - a +6 ring of intelligence
 j - a ring of protection from fire
 k - a +6 ring of strength
 y - a ring of see invisible
 z - the ring of Jideipina (left claw) {Fire Fly Int+8 Dex-5 Stlth+}
   (You found it on level 6 of the Dungeon)

   [ring of fire]

   It enhances your fire magic.
   Int:       It affects your intelligence (+8).
   Dex:       It affects your dexterity (-5).
   rF:        It protects you from fire.
   rC:        It makes you vulnerable to cold.
   Fly:       It grants you flight.
   Stlth:     It makes you more stealthy.
 I - a ring of ice
 U - a +4 ring of slaying (right claw)
 Z - a +4 ring of slaying
Wands
 g - a wand of charming (3)
 q - a wand of paralysis (23)
 v - a wand of polymorph (9)
 w - a wand of flame (74)
 F - a wand of iceblast (26)
 X - a wand of acid (15)
Scrolls
 c - 4 scrolls of magic mapping
 d - 10 scrolls of teleportation
 e - 5 scrolls of amnesia
 h - a scroll of enchant weapon {unknown}
 l - 2 scrolls of summoning
 m - 6 scrolls of enchant armour
 r - a scroll of identify
 u - 2 scrolls of vulnerability {unknown}
 B - 4 scrolls of immolation
 G - a scroll of fog {unknown}
 J - a scroll of fear {unknown}
 L - a scroll of silence {unknown}
 M - a scroll of holy word {unknown}
 T - 3 scrolls of blinking {unknown}
 V - 2 scrolls of noise {unknown}
Potions
 b - 6 potions of haste
 f - 5 potions of curing
 i - 2 potions of mutation {unknown}
 n - 3 potions of heal wounds
 o - a potion of degeneration {unknown}
 p - a potion of magic
 s - 2 potions of flight {unknown}
 x - a potion of lignification
 C - 4 potions of cancellation
 H - 3 potions of attraction
 N - a potion of brilliance
 O - 2 potions of ambrosia {unknown}
 R - a potion of might {unknown}
Miscellaneous
 t - a tin of tremorstones (2/2)


   Skills:
 + Level 11.0 Fighting
 - Level 15.0 Short Blades
 - Level 5.0 Armour
 - Level 8.0 Dodging
 - Level 11.7 Unarmed Combat
 - Level 8.0 Evocations


You had 14 spell levels left.
You didn't know any spells.
Your spell library was empty.

Dungeon Overview and Level Annotations

Branches:
Dungeon (9/15)             Temple (0/1) D:4            Lair (6/6) D:8
 Shoals (0/4) Lair:2       Spider (4/4) Lair:2       Bailey (visited)
  Slime: Lair:5-6       Orc: D:9-12

Altars:
Ashenzari
Fedhas
Sif Muna
Beogh

Shops:
D:4 (   D:7 ?

Annotations:
Lair:2 exclusion: oklob plant
Lair:5 exclusion: oklob plant
Spider:3 2 transporters, rogsnak's ghost, adept GnWz


Innate Abilities, Weirdness & Mutations

You are too large for most types of armour.
You have claws for hands.
Your natural rate of healing is unusually fast.
You are covered in fur. (AC +1)
You have tough skin. (AC +1)


Message History

The redback bites you but does no damage. x2
The redback bites you!
You are poisoned.
The redback poisons you!
The redback bites you but does no damage.
You fly upwards.
Level annotation: 2 transporters, rogsnak's ghost, adept GnWz You feel extremely sick.
There is a stone staircase leading down here.
Your skin crawls.
You feel strong-willed.
You feel extremely sick. The redback bites you! The redback barely misses you.
The redback completely misses you. The redback bites you.
The redback barely misses you.
The redback bites you but does no damage.
The redback bites you!
The redback bites you but does no damage.
Your two-headed ogre goes berserk!
You feel extremely sick. The redback bites you.
* * * LOW HITPOINT WARNING * * *
The redback bites you!
* * * LOW HITPOINT WARNING * * *
The redback bites you.
* * * LOW HITPOINT WARNING * * *
The redback bites you but does no damage.
The redback bites you!
* * * LOW HITPOINT WARNING * * *
The redback bites you!
* * * LOW HITPOINT WARNING * * *
The redback closely misses you.
Okay, then.
Okay, then.
You feel better. The redback bites you!
* * * LOW HITPOINT WARNING * * *
The redback bites you!
* * * LOW HITPOINT WARNING * * *
The redback barely misses you. The redback bites you.
You die...

..# #.......)..#..##^...####
.## ##.......###..##....#.^#
..# #.....#...#....###...<.#
.## #...###...##...#.##....# .#
##...##....#...^..###..# ######
#...##...####...#####..#
.##..###...###...#O...^..#.#..#
..#.^#.##....#.s.s.........#..#
###..........#.s@s.##.#.......#
..#^........###s##..###<#.#..##
.##..##^.#### ###...#^#####...#
..#...#### #..##....#^...#
.##...^# ##.#.....#....#
<.^...## ####...^..##.#
.......# #........### ########
##########


You could see 5 redbacks and a friendly two-headed ogre (summoned, berserk).

Vanquished Creatures
  Rupert (Lair:4)
  Gastronok (Lair:3)
  3 emperor scorpions
  Aizul (Spider:1)
  The ghost of SquidGame the Cleaver, a journeyman TeBe of Trog (Lair:6)
  2 entropy weavers (Spider:1)
  The ghost of Sovvuih the Protected, a journeyman MiBe of Trog (Lair:6)
  A spark wasp (Spider:3)
  8 hydras
  A boulder beetle (Spider:2)
  10 death yaks
  A catoblepas (Lair:2)
  Urug (Lair:4)
  11 wolf spiders
  13 orb spiders
  An ugly thing (D:9)
  A moth of wrath (Spider:3)
  A manticore (Lair:4)
  5 elephants (Lair:5)
  3 black mambas
  Joseph (D:7)
  2 torpor snails
  10 cane toads
  13 rime drakes
  8 komodo dragons
  Psyche (D:8)
  7 demonic crawlers
  10 polar bears (Lair:6)
  36 jumping spiders
  11 blink frogs
  12 dream sheep (Lair:6)
  3 hornets
  2 raiju (Lair:6)
  Prince Ribbit (D:7)
  Sigmund (D:6)
  56 redbacks
  29 yaks
  5 wyverns
  13 tarantellas
  2 fire bats (Lair:1)
  7 basilisks
  A steam dragon (D:6)
  4 wargs (Lair:6)
  Duvessa (D:6)
  33 water moccasins
  16 hell hounds
  5 orc warriors
  A sky beast (D:6)
  An ice beast (D:5)
  13 black bears
  6 centaurs
  55 wolves
  2 phantoms
  8 bullfrogs
  A gnoll sergeant (D:5)
  2 scorpions (D:5)
  Dowan (D:6)
  A water moccasin skeleton (D:6)
  10 killer bees (D:9)
  5 wights (D:9)
  8 electric eels
  2 howler monkeys (D:9)
  2 jellies
  3 centaur zombies
  2 centaur skeletons
  7 orc priests
  Crazy Yiuf (D:7)
  4 bullfrog skeletons
  7 orc wizards
  2 gnoll shamans
  4 iguanas
  10 hell rats
  A hound skeleton (D:4)
  A howler monkey skeleton (D:6)
  25 gnolls
  16 adders
  8 river rats (Lair:1)
  2 shadow imps
  A white imp (D:8)
  3 worms (D:2)
  2 dart slugs
  49 orcs
  6 bats
  4 endoplasms
  3 giant cockroaches
  7 hobgoblins
  6 kobolds
  5 ball pythons
  4 frilled lizards
  11 goblins
  9 rats
  A plant (Lair:6)
679 creatures vanquished.

Vanquished Creatures (others)
  A jumping spider (Spider:3)
  A hornet (Spider:2)
  An orc (D:8)
  A fire vortex (Lair:1)
  11 fungi
  34 plants
  6 withered plants (Lair:6)
55 creatures vanquished.

Grand Total: 734 creatures vanquished

Notes
Turn   | Place    | Note
-------+----------+-------------------------------------------
     0 | D:1      | fortune76 the Troll Berserker began the quest for the Orb.
     0 | D:1      | Reached XP level 1. HP: 22/22 MP: 0/0
    52 | D:1      | Found a faded altar of an unknown god.
   205 | D:1      | Reached XP level 2. HP: 26/29 MP: 1/1
   713 | D:2      | Reached XP level 3. HP: 34/36 MP: 2/2
   762 | D:2      | Reached ** piety under Trog
  1351 | D:3      | Reached skill level 5 in Unarmed Combat
  1351 | D:3      | Reached XP level 4. HP: 35/44 MP: 3/3
  1917 | D:4      | Reached XP level 5. HP: 50/50 MP: 4/4
  2010 | D:4      | Found Highe Sye's Antique Weapon Shoppe.
  2044 | D:4      | Found a staircase to the Ecumenical Temple.
  2071 | D:4      | Noticed a black bear
  2080 | D:4      | Killed a black bear
  2081 | D:4      | Reached XP level 6. HP: 36/59 MP: 5/5
  2619 | D:5      | Entered Level 5 of the Dungeon
  2690 | D:5      | Reached XP level 7. HP: 33/66 MP: 6/6
  2771 | D:5      | Reached *** piety under Trog
  3055 | D:5      | Found a shimmering blue altar of Sif Muna.
  3437 | D:6      | Noticed Dowan
  3437 | D:6      | Noticed Duvessa
  3439 | D:6      | Killed Dowan
  3447 | D:6      | Killed Duvessa
  3448 | D:6      | Reached XP level 8. HP: 78/78 MP: 0/7
  3680 | D:6      | Noticed Sigmund
  3692 | D:6      | Killed Sigmund
  3693 | D:6      | Reached skill level 10 in Unarmed Combat
  3697 | D:6      | Identified the ring of Jideipina {Fire Fly Int+8 Dex-5
                  | Stlth+}
  4045 | D:6      | Found a broken altar of Ashenzari.
  4049 | D:6      | Saw a vision of the Shoals and the Spider Nest.
  4049 | D:6      | Noticed a wolf spider
  4049 | D:6      | Noticed a merfolk
  4049 | D:6      | Noticed a sea snake
  4049 | D:6      | Noticed a wolf spider
  4050 | D:6      | Noticed a merfolk
  4050 | D:6      | Noticed a wolf spider
  4275 | D:7      | Reached XP level 9. HP: 70/84 MP: 8/8
  4279 | D:7      | Noticed Joseph
  4292 | D:7      | Killed Joseph
  4455 | D:7      | Noticed Prince Ribbit
  4618 | D:7      | Reached **** piety under Trog
  4712 | D:7      | Found the +7 pair of quick blades "Gyre" and "Gimble"
                  | {protect}
  4763 | D:7      | Reached skill level 1 in Short Blades
  4940 | D:7      | Killed Prince Ribbit
  4941 | D:7      | Reached skill level 2 in Short Blades
  5005 | D:7      | Found a runed translucent door.
  5006 | D:7      | Noticed Crazy Yiuf
  5011 | D:7      | Killed Crazy Yiuf
  5015 | D:7      | Identified the +10 mace "Kinet" {antimagic, rElec rF+++
                  | Str+4}
  5198 | D:7      | Found Ojoxelyaw's Magic Scroll Emporium.
  5207 | D:7      | Bought a scroll of identify for 20 gold pieces
  5337 | D:8      | Found a staircase to the Lair.
  5344 | D:8      | Reached skill level 3 in Short Blades
  5414 | D:8      | Noticed Psyche
  5423 | D:8      | Killed Psyche
  5424 | D:8      | Reached skill level 4 in Short Blades
  5452 | D:8      | Reached skill level 5 in Short Blades
  5477 | D:8      | Reached XP level 10. HP: 35/92 MP: 9/9
  5807 | D:8      | Reached skill level 6 in Short Blades
  5840 | D:8      | Found a flagged portal.
  5850 | Bailey   | Entered a bailey
  5861 | Bailey   | HP: 4/92 [centaur (9)]
  6438 | D:9      | Reached ***** piety under Trog
  6605 | D:9      | Noticed a white ugly thing
  6621 | D:9      | Killed a white ugly thing
  6622 | D:9      | Reached skill level 7 in Short Blades
  6797 | D:9      | Noticed a seven-headed hydra
  6817 | D:9      | Killed a seven-headed hydra
  6818 | D:9      | Reached skill level 8 in Short Blades
  7560 | Lair:1   | Entered Level 1 of the Lair of Beasts
  7560 | Lair:1   | Noticed a seven-headed hydra
  7566 | Lair:1   | Killed a seven-headed hydra
  7567 | Lair:1   | Reached skill level 9 in Short Blades
  7691 | Lair:1   | Noticed a black mamba
  7707 | Lair:1   | Killed a black mamba
  7707 | Lair:1   | Received a gift from Trog
  7708 | Lair:1   | Reached XP level 11. HP: 49/100 MP: 10/10
  7927 | Lair:1   | Reached skill level 10 in Short Blades
  8181 | Lair:1   | Reached skill level 11 in Short Blades
  8849 | Lair:2   | Found a staircase to the Shoals.
  9074 | Lair:2   | Found a blossoming altar of Fedhas.
  9085 | Lair:2   | Noticed an oklob plant
  9119 | Lair:2   | Noticed a catoblepas
  9135 | Lair:2   | Killed a catoblepas
  9136 | Lair:2   | Reached skill level 12 in Short Blades
  9265 | Lair:2   | Reached skill level 5 in Fighting
  9282 | Lair:2   | Found a hole to the Spider Nest.
  9305 | Lair:2   | Reached XP level 12. HP: 103/111 MP: 11/11
  9388 | Lair:2   | Noticed a seven-headed hydra
  9405 | Lair:2   | Killed a seven-headed hydra
 10282 | Lair:3   | Noticed Gastronok
 10301 | Lair:3   | Killed Gastronok
 10301 | Lair:3   | Identified the +11 glaive of Xecvu {vorpal, rF+} (Trog
                  | gifted it to you on level 3 of the Lair of Beasts)
 10301 | Lair:3   | Received a gift from Trog
 10302 | Lair:3   | Reached skill level 5 in Dodging
 11087 | Lair:4   | Noticed Urug
 11097 | Lair:4   | Killed Urug
 11185 | Lair:4   | Noticed Rupert
 11200 | Lair:4   | Killed Rupert
 11303 | Lair:4   | Reached XP level 13. HP: 127/127 MP: 12/12
 11887 | Lair:5   | Reached skill level 13 in Short Blades
 11926 | Lair:5   | Reached ****** piety under Trog
 11941 | Lair:5   | Received a gift from Trog
 12222 | Lair:5   | Reached skill level 14 in Short Blades
 12697 | Lair:6   | Entered Level 6 of the Lair of Beasts
 12774 | Lair:6   | Found a runed translucent gate.
 12774 | Lair:6   | Found a runed translucent gate.
 12777 | Lair:6   | Noticed SquidGame's ghost (journeyman TeBe)
 12777 | Lair:6   | Noticed Sovvuih's ghost (journeyman MiBe)
 12778 | Lair:6   | Found a runed translucent gate.
 12952 | Lair:6   | Reached XP level 14. HP: 128/136 MP: 13/13
 13195 | Lair:6   | Reached skill level 15 in Short Blades
 13197 | Lair:6   | Received a gift from Trog
 13318 | Lair:6   | Identified the +1 robe of the Eagle {rPois rCorr Int-5
                  | Archmagi}
 13535 | Lair:6   | Reached skill level 10 in Fighting
 13781 | Lair:6   | Killed Sovvuih's ghost
 13794 | Lair:6   | Killed SquidGame's ghost
 13954 | Spider:1 | Entered Level 1 of the Spider Nest
 14257 | Spider:1 | Reached skill level 1 in Evocations
 14304 | Spider:1 | Received a gift from Trog
 14310 | Spider:1 | Noticed Aizul
 14331 | Spider:1 | Killed Aizul
 14423 | Spider:1 | Noticed an emperor scorpion
 14455 | Spider:1 | Killed an emperor scorpion
 14848 | Spider:1 | Reached XP level 15. HP: 151/153 MP: 14/14
 15031 | Spider:1 | You are sucked into a shaft and drop 1 floor!
 15177 | Spider:1 | Reached skill level 5 in Evocations
 16207 | Spider:2 | Received a gift from Trog
 17274 | Spider:3 | Reached skill level 1 in Armour
 17642 | Spider:3 | Noticed rogsnak's ghost (adept GnWz)
 17667 | Spider:3 | Found a transporter.
 17675 | Spider:3 | Found a transporter.
 18515 | Spider:4 | Entered Level 4 of the Spider Nest
 18536 | Spider:3 | Reached skill level 5 in Armour
 18570 | Spider:3 | HP: 7/153 [redback (14)]
 18571 | Spider:3 | HP: 1/153 [redback (9)]
 18571 | Spider:3 | Slain by a redback

Illustrated notes

Levels and vault maps discovered:
D:1:      ncdulo_smallfort, layout_basic, chequers_ecumenical_altar_simple_redux
D:2:      layout_basic, minmay_tiny_reverse_x
D:3:      layout_loops_ring
D:4:      layout_gridville, temple_fountains, serial_shops,
          nicolae_inconvenience_store
D:5:      layout_basic, kennysheep_flooded_box
D:6:      layout_basic, grunt_ashenzari_visionary
          [grunt_ashenzari_visionary_shoals, grunt_ashenzari_visionary_spider],
          serial_corexii_hall, chequers_hall_statues_y, corexii_hall_statues_s,
          uniq_sigmund, uniq_duvessa
D:7:      layout_cave_pods, serial_shops, shop, serial_bayou,
          serial_bayou_shore_a, serial_bayou_pond_e, serial_bayou_crossing,
          serial_bayou_lagoon_a, uniq_prince_ribbit1, uniq_crazy_yiuf_cottage,
          uniq_joseph
D:8:      layout_basic, lair_entry_dummy, enter_bailey_2, special_room
          [special_room_orc], serial_bayou_ford_a, kennysheep_cross_bottleneck,
          uniq_psyche
D:9:      layout_irregular_city, grunt_ministairs_6
Lair:1:   layout_gridlike, st_stairs_3, columned_hall_lemuel,
          kennysheep_abandoned_house, infiniplex_staircase_pool
Lair:2:   layout_regular_city, minmay_shoals_entry_centaurs,
          nicolae_spider_entry_tight_spaces, tgw_fedhas, lemuel_fruit_fields
Lair:3:   layout_cellular_growth, uniq_gastronok
Lair:4:   lemuel_reptile_caves, layout_cave_shapes, special_room
          [special_room_mythical_zoo], uniq_urug, uniq_rupert
Lair:5:   layout_regular_city, minmay_slime_entry_oklob_enclosed,
          chequers_serial_rivers_large_a, grunt_forest_large_clearings,
          infiniplex_staircase_pool_2
Lair:6:   hangedman_lair_caniforms_friends, layout_misc_corridors,
          gammafunk_ghost_cemetery
Spider:1: layout_spider_delve, drop_trap, nicolae_spider_twisty_arc_passages,
          uniq_aizul
Spider:2: layout_chambers
Spider:3: layout_spider_delve, gammafunk_ghost_arena
Spider:4: spider_rune_water

Skill      XL: |  1  2  3  4  5  6  7  8  9 10 11 12 13 14 15 |
---------------+----------------------------------------------+-----
Unarmed Combat | 4 5 6 8 10 11 | 11.7
Dodging        | 4 7 8 |  8.0
Fighting       | 4 5 8 11 | 11.0
Short Blades   | 5 9 12 14 15 | 15.0
Evocations     | 4 8 |  8.0
Armour         | 5 |  5.0

Action                   |  1- 3 |  4- 6 |  7- 9 | 10-12 | 13-15 || total
-------------------------+-------+-------+-------+-------+-------++-------
Melee: Unarmed           |   103 |    99 |   195 |       |       ||   397
       Punch             |     3 |     8 |     8 |       |       ||    19
       Pair of quick bla |       |       |    69 |   675 |  1173 ||  1917
       Scythe            |       |       |       |     2 |       ||     2
Throw: Dart              |       |     1 |       |       |       ||     1
Invok: Berserk           |       |     1 |     2 |     3 |     8 ||    14
       Trog's Hand       |       |       |     1 |     1 |     3 ||     5
       Brothers in Arms  |       |       |       |       |     1 ||     1
  Use: Scroll            |       |       |     3 |       |    10 ||    13
       Potion            |       |       |       |     1 |     1 ||     2
 Stab: Sleeping          |       |     1 |     1 |       |     4 ||     6
Armor: Animal skin       |    27 |    22 |    10 |       |       ||    59
       Robe              |       |       |    74 |   126 |   315 ||   515
Dodge: Dodged            |    52 |    51 |    94 |   170 |   262 ||   629
